AoeStats
← MarcaTenebrosa

Hideout

513971918Analyzed
3v3 RM · 2d ago on Oct 16, 2026· 74m 55s· 6 players
Game mode
Random Map
Map size
Normal (6 player)
Population
200
Speed
Normal
Resources
Standard
Victory
Conquest
Starting age
Dark Age
Ending age
Imperial Age
RankedLock teamsTeams togetherTeam positionsShared explorationLock speedFull tech treeHidden civsTurbo modeCheats
Victory
Defeat
838
+14
🇦🇷 Bohemians · Argentina
809
+15
🇦🇷 Sicilians · Argentina
766
+17
vs
🇺🇸 Bulgarians · United States
919
-20
🇺🇸 Khmer · United States
755
-14
🇺🇸 Franks · United States
708
-13
MarcaTenebrosa
10:45 Feudal Age
15:18 Castle Age
13:51 Double-Bit Axe
15:10 Gold Mining
15:04 Horse Collar
15:42 Fletching
19:03 Loom
20:28 Crossbowman
22:01 Town Watch
23:14 Wheelbarrow
23:14 Padded Archer Armor
24:57 Bodkin Arrow
25:18 Leather Archer Armor
33:35 Imperial Age
33:34 First Crusade
35:12 Bracer
37:59 Scale Mail Armor
38:10 Forging
39:59 Chain Mail Armor
40:19 Iron Casting
42:02 Plate Mail Armor
42:32 Blast Furnace
41:03 Pikeman
41:34 Arbalester
42:54 Hand Cart
43:23 Gold Shaft Mining
43:01 Bow Saw
47:02 Chemistry
46:23 Ballistics
46:16 Masonry
49:03 Halberdier
51:33 Scale Barding Armor
50:59 Light Cavalry
51:50 Bloodlines
52:22 Husbandry
53:22 Chain Barding Armor
54:13 Squires
61:33 Cavalier
70:38 Plate Barding Armor
70:08 Gambesons
72:58 Conscription
72:52 Hauberk
SepeLio_O
4:02 Loom
10:16 Feudal Age
15:04 Castle Age
14:34 Double-Bit Axe
15:42 Fletching
25:20 Horse Collar
26:14 Scale Mail Armor
26:31 Crossbowman
27:49 Town Watch
29:14 Bodkin Arrow
36:26 Imperial Age
34:31 Husbandry
39:01 Chemistry
39:23 Pikeman
45:08 Chain Mail Armor
45:04 Forging
46:32 Conscription
49:34 Wagenburg Tactics
54:29 Plate Mail Armor
54:36 Iron Casting
58:50 Wheelbarrow
59:40 Halberdier
62:52 Murder Holes
63:11 Masonry
64:29 Blast Furnace
69:44 Squires
72:26 Scale Barding Armor
开局投降是歹人
0:43 Loom
10:46 Feudal Age
11:17 Double-Bit Axe
11:14 Horse Collar
19:55 Fletching
22:41 Castle Age
23:04 Scale Barding Armor
23:39 Bodkin Arrow
30:10 Forging
32:25 Bloodlines
39:46 Imperial Age
38:13 Wheelbarrow
37:44 Gold Mining
38:28 Husbandry
39:13 Chain Barding Armor
40:19 Hand Cart
41:34 Plate Barding Armor
42:04 Iron Casting
42:17 Town Watch
43:44 Gold Shaft Mining
43:47 Elite Konnik
44:52 Town Patrol
44:54 Heavy Plow
45:44 Stone Mining
46:15 Bow Saw
47:58 Stirrups
48:23 Conscription
48:04 Bagains
50:17 Stone Shaft Mining
51:56 Blast Furnace
50:57 Bracer
51:23 Onager
52:33 Padded Archer Armor
53:57 Crop Rotation
54:49 Scale Mail Armor
55:35 Light Cavalry
58:29 Chain Mail Armor
58:01 Siege Onager
59:22 Leather Archer Armor
62:01 Masonry
61:48 Murder Holes
62:15 Hussar
68:19 Architecture
70:13 Chain Mail Armor
69:48 Heavy Scorpion
71:44 Chemistry
71:15 Ballistics
noah2sheds
10:26 Loom
12:12 Feudal Age
15:58 Castle Age
13:48 Double-Bit Axe
15:02 Horse Collar
15:16 Gold Mining
16:08 Bloodlines
17:14 Husbandry
17:09 Light Cavalry
24:47 Scale Barding Armor
25:24 Bow Saw
25:53 Forging
27:39 Wheelbarrow
28:53 Ballistics
32:46 Imperial Age
35:53 Chemistry
35:14 Stone Mining
36:00 Gold Shaft Mining
37:11 Chain Barding Armor
39:01 Double Crossbow
40:46 Heavy Scorpion
44:16 Hussar
TheDeductor
6:10 Loom
9:56 Feudal Age
10:32 Double-Bit Axe
10:47 Arson
12:34 Forging
13:18 Scale Mail Armor
22:18 Castle Age
21:59 Wheelbarrow
22:19 Scale Barding Armor
22:24 Gold Mining
23:39 Bloodlines
24:12 Chain Barding Armor
24:46 Husbandry
26:27 Iron Casting
30:46 Chain Mail Armor
30:25 Fletching
31:08 Bodkin Arrow
31:37 Bow Saw
abelever
7:43 Loom
13:35 Feudal Age
15:12 Wheelbarrow
18:21 Town Watch
23:26 Castle Age
22:49 Scale Barding Armor
22:56 Forging
25:32 Chain Barding Armor
27:17 Iron Casting
31:05 Husbandry
30:27 Light Cavalry
31:15 Double-Bit Axe
37:41 Imperial Age
38:56 Town Patrol
39:21 Hand Cart
38:56 Cavalier
43:14 Plate Barding Armor
43:41 Blast Furnace
48:06 Paladin
Connection lost

Rejoining the realm…

Still unreachable

The connection could not be restored.

Session expired

The server has moved on; the page needs a fresh start.